 Dungeon Crawl Stone Soup version 0.28-a0-1506-g3893175d92 (webtiles) character file.

Game seed: 158711850464918554

114 HallandMoats the Skirmisher (level 4, -4/40 HPs)
             Began as a Ghoul Fighter on Jan 14, 2022.
             Was a Believer of Makhleb.
             Slain by an ogre (19 damage)
             ... on level 6 of the Dungeon.
             The game lasted 00:02:10 (1623 turns).

HallandMoats the Skirmisher (Ghoul Fighter)         Turns: 1623, Time: 00:02:11

Health: -4/40      AC:  6    Str: 25    XL:     4   Next: 98%
Magic:  3/3        EV:  9    Int:  5    God:    Makhleb [**....]
Gold:   103        SH:  4    Dex:  8    Spells: 3/3 levels left

rFire   . . .      SeeInvis .   a - +0 war axe
rCold   + . .      Faith    .   c - +0 buckler
rNeg    + + +      Spirit   .   b - +0 scale mail
rPois   ∞          Reflect  .   (no helmet)
rElec   .          Harm     .   (no cloak)
rCorr   .          Rampage  .   (no gloves)
Will    .....                   (no boots)
Stlth   ..........              (no amulet)
HPRegen 0.00/turn               i - +6 ring of strength
MPRegen 0.08/turn               (no ring)

@: inhibited regen
A: claws 1, cold resistance 1, negative energy resistance 3, inhibited
regeneration, torment resistance 2
a: Renounce Religion, Minor Destruction


You were on level 6 of the Dungeon.
You worshipped Makhleb.
Makhleb was pleased with you.
You visited 1 branch of the dungeon, and saw 4 of its levels.

You collected 103 gold pieces.

Inventory:

Hand Weapons
 a - a +0 war axe (weapon)
Armour
 b - a +0 scale mail (worn)
 c - a +0 buckler (worn)
Jewellery
 i - a +6 ring of strength (left claw)
Scrolls
 g - 2 scrolls of noise {unknown}
 j - a scroll of summoning {unknown}
 l - a scroll of fog {unknown}
Potions
 d - 3 potions of might
 e - 2 potions of mutation {unknown}
 f - 3 potions of heal wounds {unknown}
 h - 2 potions of invisibility {unknown}
 k - 2 potions of curing {unknown}
 m - a potion of cancellation {unknown}
 n - a potion of attraction {unknown}


   Skills:
 * Level 4.2 Fighting
 * Level 2.6 Axes
 + Level 3.0 Armour
 + Level 1.1 Dodging
 * Level 3.3 Shields


You had 3 spell levels left.
You didn't know any spells.
Your spell library contained the following spells:

 Spells                   Type           Power      Damage    Failure   Level
 Magic Dart               Conj           0%         1d3       86%         1
 Call Imp                 Summ           0%         N/A       94%         2
 Mephitic Cloud           Conj/Pois/Air  0%         N/A       99%         3
 Animate Armour           Summ/Erth      0%         N/A       100%        4
 Iron Shot                Conj/Erth      0%         9d1       100%        6
 Blade Hands              Tmut           Unusable   N/A       N/A         5

Dungeon Overview and Level Annotations

Branches:
Dungeon (3/15)

Altars:
Ashenzari
Makhleb

Shops:
D:1 *


Innate Abilities, Weirdness & Mutations

You thrive by killing the living.
You are immune to poison.
You have sharp fingernails.
Your flesh is cold resistant. (rC+)
You are immune to negative energy. (rN+++)
You do not regenerate when monsters are visible.
You are immune to unholy pain and torment.


Message History

You now have 103 gold pieces (gained 14).
n - a sedimented sapphire potion
d - 3 potions of might (gained 1)
Found two leather armours.
A sourceless malevolence fills the Dungeon...
You fall into a shaft and drop 3 floors!
The shaft crumbles and collapses.
A jelly and a howler monkey come into view.
The jelly quivers.
Found 18 stones.
You see here a +6 ring of intelligence.
The howler monkey closely misses you.
You slash the howler monkey!
The howler monkey is almost dead.
The howler monkey hoots and howls with incredible vigour!
You hear a shout!
You slash the howler monkey!
You kill the howler monkey!
Makhleb accepts your kill.
You hit the jelly.
Your claws burn!
The jelly hits you but does no damage.
A phantom comes into view.
An ogre comes into view. It is wielding a +0 giant club.
You hit the jelly.
Your claws burn!
The jelly is severely wounded.
The jelly barely misses you. The jelly hits you.
You are splashed with acid!
You completely miss the jelly.
The jelly is severely wounded.
You barely miss the ogre. The jelly closely misses you.
The ogre barely misses you.
You hit the jelly.
Your claws burn!
The jelly is almost dead.
You barely miss the ogre. The jelly barely misses you.
The ogre hits you with a +0 giant club! The jelly hits you but does no damage.
You are too injured to fight recklessly!
You slash the jelly!
You kill the jelly!
Makhleb accepts your kill.
You feel better.
You barely miss the ogre.
The ogre hits you with a +0 giant club!!
You die...

........
........
........
######.......
#..........
#.(...W..
#.....O#
#....@=#
#...†..#
#......#
########


You could see a phantom and an ogre.

Vanquished Creatures
  A howler monkey (D:6)
  A jelly (D:6)
  A hound skeleton (D:3)
  An adder (D:2)
  A dart slug (D:2)
  5 orcs (D:3)
  9 ball pythons
  3 endoplasms
  2 giant cockroaches (D:2)
  3 hobgoblins (D:1)
  2 kobolds
  4 quokkas
  4 bats
  2 frilled lizards (D:1)
  A goblin (D:1)
  10 rats
50 creatures vanquished.

Notes
Turn   | Place    | Note
-------+----------+-------------------------------------------
     0 | D:1      | HallandMoats the Ghoul Fighter began the quest for the Orb.
     0 | D:1      | Reached XP level 1. HP: 19/19 MP: 0/0
   204 | D:1      | Found Soott's Assorted Antiques.
   287 | D:1      | Reached XP level 2. HP: 26/26 MP: 1/1
   479 | D:1      | Found a faded altar of an unknown god.
   538 | D:1      | Prayed at the altar of an unknown god.
   538 | D:1      | Became a worshipper of Makhleb the Destroyer
   538 | D:1      | Reached * piety under Makhleb
  1042 | D:2      | Reached XP level 3. HP: 28/33 MP: 2/2
  1173 | D:2      | Found a broken altar of Ashenzari.
  1334 | D:3      | Reached ** piety under Makhleb
  1343 | D:3      | Reached XP level 4. HP: 40/40 MP: 3/3
  1355 | D:3      | Reached skill level 4 in Fighting
  1356 | D:3      | Reached skill level 1 in Dodging
  1616 | D:3      | You fall into a shaft and drop 3 floors!
  1619 | D:6      | Noticed a phantom
  1619 | D:6      | Noticed an ogre
  1623 | D:6      | Slain by an ogre

Illustrated notes

Levels and vault maps discovered:
D:1:      dpeg_arrival_oval, layout_loops_cross, serial_shops,
          nicolae_shop_advertising_works [nicolae_subvault_shop_adworks],
          ebering_ecumenical_altar_hall, minivault_5
D:2:      layout_rooms, basic_altar
D:3:      layout_rooms, st_stairs_8
D:6:      layout_basic, serial_shops, nicolae_shop_stone, uniq_prince_ribbit1

Skill      XL: |  1  2  3  4 |
---------------+-------------+-----
Axes           | 2 |  2.6
Shields        | 3 |  3.3
Fighting       | 4 |  4.2
Armour         | 3 |  3.0
Dodging        | 1 |  1.1

Action                   |  1- 3 |  4- 6 || total
-------------------------+-------+-------++-------
Melee: War axe           |   110 |    19 ||   129
Armor: Scale mail        |    48 |    10 ||    58
Dodge: Dodged            |    48 |    11 ||    59
Block: Buckler           |    18 |     5 ||    23

Table legend: (Time is in decaauts)
 A = Elapsed time spent in this place.
 B = Non-inter-level travel time spent in this place.
 C = Inter-level travel time spent in this place.
 D = Time resting spent in this place.
 E = Time spent auto-exploring this place.
 F = Levels seen in this place.
 G = Mean time per level.
                   A        B        C        D        E       F      G
               +--------+--------+--------+--------+--------+-----+--------+
         Total |   1677 |   1594 |     83 |      0 |   1226 |   4 |  419.2 |
       Dungeon |   1677 |   1594 |     83 |      0 |   1226 |   4 |  419.2 |
               +--------+--------+--------+--------+--------+-----+--------+

Top non-repeatable levels by time:
     D:1: 994 daAuts
     D:2: 373 daAuts
     D:3: 300 daAuts
     D:6: 8 daAuts
